 Dungeon Crawl Stone Soup version 0.29.1-1-gd02db6906a (webtiles) character file.

Game seed: 2478238255835396819

5 Ashen the Firebug (level 1, -2/13 HPs)
             Began as a Demonspawn Fire Elementalist on Oct 12, 2022.
             Slain by a jackal (3 damage)
             ... on level 1 of the Dungeon.
             The game lasted 00:00:39 (403 turns).

Ashen the Firebug (Demonspawn Fire Elementalist)     Turns: 403, Time: 00:00:40

Health: -2/13      AC:  2    Str:  8    XL:     1   Next: 66%
Magic:  3/3        EV: 12    Int: 16    God:
Gold:   15         SH:  0    Dex: 13    Spells: 3/4 levels left

rFire   . . .      SeeInvis .   (no weapon)
rCold   . . .      Faith    .   (no shield)
rNeg    . . .      Spirit   .   a - +0 robe
rPois   .          Reflect  .   (no helmet)
rElec   .          Harm     .   (no cloak)
rCorr   .          Rampage  .   (no gloves)
Will    .....                   (no boots)
Stlth   ++........              (no amulet)
HPRegen 0.04/turn               (no ring)
MPRegen 0.08/turn               (no ring)

@: no status effects
A: no striking features
a: no special abilities


You were on level 1 of the Dungeon.
You visited 1 branch of the dungeon, and saw 1 of its levels.

You collected 15 gold pieces.

Inventory:

Armour
 a - a +0 robe (worn)


   Skills:
 + Level 1.9 Dodging
 + Level 1.9 Stealth
 + Level 2.0 Spellcasting
 + Level 1.1 Conjurations
 + Level 2.7 Fire Magic


You had 3 spell levels left.
You knew the following spells:

 Your Spells              Type           Power      Damage    Failure   Level
a - Foxfire               Conj/Fire      28%        2x1d5     10%         1

Your spell library contained the following spells:

 Spells                   Type           Power      Damage    Failure   Level
 Scorch                   Fire           20%        2d6       10%         2
 Conjure Flame            Conj/Fire      7%         6-21      28%         3
 Inner Flame              Hex/Fire       6%         N/A       34%         3
 Flame Wave               Conj/Fire      7%         2d5       67%         4


Dungeon Overview and Level Annotations

Branches:
Dungeon (1/15)

Altars:


Message History

You conjure some foxfire!
The foxfire hits the jackal but does no damage. x2
Casting: Foxfire (safe; 10% risk of failure)
Confirm with . or Enter, or press ? or * to list all spells.
You miscast Foxfire.
You are very lightly contaminated with residual magic.
Nothing appears to happen.
The jackal bites you but does no damage.
The jackal barely misses you.
You closely miss the jackal. The jackal barely misses you.
The jackal bites you but does no damage.
You hit the jackal.
The jackal is moderately wounded.
The jackal misses you. The jackal closely misses you.
The jackal barely misses you. The jackal bites you.
You hit the jackal but do no damage.
The jackal is moderately wounded.
The jackal barely misses you. The jackal bites you.
You hit the jackal but do no damage.
The jackal is moderately wounded.
The jackal closely misses you.
The jackal bites you but does no damage.
You hit the jackal but do no damage.
The jackal is moderately wounded.
The jackal bites you. x2; The jackal barely misses you.
The jackal closely misses you.
You closely miss the jackal.
The jackal is moderately wounded.
The jackal bites you. The jackal closely misses you.
Your magical contamination has completely faded away.
The jackal bites you. x2
* * * LOW HITPOINT WARNING * * *
The jackal bites you.
* * * LOW HITPOINT WARNING * * *
The jackal attacks as you move away! The jackal barely misses you.
You barely miss the jackal.
The jackal is moderately wounded.
Unknown command.
Magic courses through your body. The jackal bites you.
You die...

####.###.#..##.# #...####
...............#####.###
####.##.....##.......# ##
#.#####.###.#...#.###
.###.......###.#.......#
....#######....#...#.#.#
######## ###.#
#.......##.#.###......# #.#
#..........#.....####.# ...
##...h@.#############†# #...#
#####..##h## #.....
#...###.........# #.##..
#[..†...........## # #.....
#...###'#####....###.....##..###
... #.# #.....##.....##..# . #.#
#.......(....##..# #.#
#.....##.....###.# #.#
#.....##.....# #.###


You could see 2 jackals.

Vanquished Creatures
  A hobgoblin (D:1)
  2 jackals (D:1)
  A frilled lizard (D:1)
  A rat (D:1)
5 creatures vanquished.

Vanquished Creatures (others)
  8 foxfires (D:1)
8 creatures vanquished.

Grand Total: 13 creatures vanquished

Notes
Turn   | Place    | Note
-------+----------+-------------------------------------------
     0 | D:1      | Ashen the Demonspawn Fire Elementalist began the quest for
                  | the Orb.
     0 | D:1      | Reached XP level 1. HP: 13/13 MP: 3/3
   403 | D:1      | Slain by a jackal

Illustrated notes

Levels and vault maps discovered:
D:1:      nzn_arrival_crosshair, layout_loops_cross, minmay_misc_feat_ornament,
          roderic_serpentine_path

Action                   || total
-------------------------++-------
Melee: Unarmed           ||    20
       Punch             ||     1
 Cast: Foxfire           ||     6
  Use: Potion            ||     1
Armor: Robe              ||     4
Dodge: Dodged            ||    19
